 Dungeon Crawl Stone Soup version 0.31-a0-971-g75a2e9a4b4 (webtiles) character file.

Game seed: 5887131065419350446

54 Maxmaps the Changeling (level 3, 0/23 HPs)
             Began as an Octopode Shapeshifter on Oct 28, 2023.
             Slain by a worm (7 damage)
             ... on level 3 of the Dungeon.
             The game lasted 00:01:36 (1430 turns).

Maxmaps the Changeling (Octopode Shapeshifter)      Turns: 1430, Time: 00:01:37

Health: 0/23       AC:  1    Str: 13    XL:     3   Next: 91%
Magic:  3/3        EV: 13    Int: 14    God:
Gold:   136        SH:  0    Dex: 11    Spells: 2/2 levels left

rFire   . .          .
                       - Unarmed
rCold   . . .        (no shield)
rNeg    . . .        (helmet currently unavailable)
rPois   .            (no amulet)
rElec   .            (no ring)
rCorr   .            (no ring)
SInv    .            (no ring)
Will    .....        (no ring)
Stlth   ++           (no ring)
HPRegen 0.23/turn    (no ring)
MPRegen 0.08/turn    (no ring)
                     (no ring)

%: no passive effects
@: lethally poisoned (0 -> -5), beast-form
A: beast (slay +2), almost no armour, amphibious, 8 rings, camouflage 1,
gelatinous body 1, (nimble swimmer 1), tentacles
a: Begin Untransformation


You were on level 3 of the Dungeon.
You were a hulking beast.
You visited 1 branch of the dungeon, and saw 3 of its levels.

You collected 136 gold pieces.

Inventory:

Talismans
 b - a beast talisman
 c - a flux talisman
Potions
 a - a potion of lignification
 d - a potion of might
 e - a potion of enlightenment {unknown}
 g - a potion of ambrosia {unknown}
 h - a potion of invisibility {unknown}
 m - a potion of curing {unknown}
 n - a potion of brilliance {unknown}


   Skills:
 - Level 1.0 Fighting
 - Level 2.0 Dodging
 - Level 3.0 Unarmed Combat
 + Level 4.4 Shapeshifting


You had 2 spell levels left.
You didn't know any spells.
Your spell library was empty.

Dungeon Overview and Level Annotations

Branches:
Dungeon (3/15)

Altars:
Cheibriados


Innate Abilities, Weirdness & Mutations

You are a hulking beast.
Your limbs bulge with bestial killing power. (Slay +2)
You cannot wear most types of armour.
You are amphibious.
You can wear up to eight rings at the same time.
Your skin changes colour to match your surroundings (Stealth+).
Your rubbery body absorbs attacks. (AC +1, EV +1)
((You are camouflaged when in or above water. (Stealth+)))
You have tentacles for arms and can constrict up to eight enemies at once.


Message History

The orc closely misses you.
The orc moves out of view.
You tentacle-slap the orc. You grab the orc.
The orc is severely wounded.
You constrict the orc.
You kill the orc!
An orc priest comes into view. It is wielding a +0 hand axe.
You tentacle-slap the giant cockroach.
You kill the giant cockroach!
An orc opens the door.
The kobold throws a poisoned dart.
The poisoned dart hits you!
You are poisoned.
Found a club.
You tentacle-slap the worm but do no damage.
You grab the worm. You constrict the worm.
You feel sick.
The orc priest invokes the aid of Beogh against you.
Beogh smites you!
Ouch! That really hurt!
You are too injured to fight recklessly!
You are too injured to fight recklessly!
You are too injured to fight recklessly!
You are too injured to fight recklessly!
You are too injured to fight recklessly!
You are too injured to fight recklessly!
You are too injured to fight recklessly!
You are too injured to fight recklessly!
You are too injured to fight recklessly!
You are too injured to fight recklessly!
You are too injured to fight recklessly!
You are too injured to fight recklessly!
You are too injured to fight recklessly!
You are too injured to fight recklessly!
You are too injured to fight recklessly!
You are too injured to fight recklessly!
Unknown command.
You release your grip on the worm.
An adder and an orc come into view.
You feel sick.
The adder hisses angrily.
The orc shouts!
The orc misses you. The worm bites you!
You die...

* *............#### #..#
*****....####.#### #..#
,,,,,.#.#####.### *,,*
******#.........# *,,*
*,****##.######.#######.,*
,*,,,,,,,,*,,,#.........,*
*,*****,*,,,*,#.#...#.#<**
*,* *,,***,,#..###...,*
*,* **,*,#.###h#)#,#.**
*,* **,,**+..K.wo#*,,,*
*,****,,#...##+##.oo#,,*
*,*,,,,,.,*,*,,,*.#.o..*
*,*,**,,,**,*,,,*r#.o..#
*,,,**,,,,*,*,,,*S#,...#
,,,,**,,*,,,*****..,*..#
*,,,**,,,**+,,,,,+#*,..#
*,,*****,*,*,*,,,*,*,*,*


You could see a worm, an orc priest, an adder, 4 orcs, a quokka and a kobold.

Vanquished Creatures
  A worm (D:2)
  2 dart slugs (D:2)
  An orc (D:3)
  3 endoplasms
  4 giant cockroaches
  4 goblins
  4 hobgoblins
  2 jackals (D:2)
  8 kobolds
  2 quokkas (D:2)
  2 ball pythons
  2 bats (D:1)
  A frilled lizard (D:1)
  7 rats
43 creatures vanquished.

Vanquished Creatures (others)
  A goblin (D:2)
1 creature vanquished.

Grand Total: 44 creatures vanquished

Notes
Turn   | Place    | Note
-------+----------+-------------------------------------------
     0 | D:1      | Maxmaps the Octopode Shapeshifter began the quest for the
                  | Orb.
     0 | D:1      | Reached XP level 1. HP: 13/13 MP: 1/1
   111 | D:1      | Reached XP level 2. HP: 15/18 MP: 2/2
   571 | D:2      | Reached skill level 4 in Shapeshifting
   571 | D:2      | Reached XP level 3. HP: 14/23 MP: 3/3
   714 | D:2      | Found a snail-covered altar of Cheibriados.
  1394 | D:3      | Found a faded altar of an unknown god.
  1430 | D:3      | Slain by a worm

Illustrated notes

Levels and vault maps discovered:
D:1:      dpeg_arrival_simpleton_b, layout_rooms, minivault_5,
          lexackson_kobold_supper
D:2:      layout_basic, basic_altar
D:3:      layout_loops_ring, shapermc_ecumenical_altar_mp_urbaneastern,
          minmay_fractal_squares_diagonal_5, uniq_terence

Skill      XL: |  1  2 |
---------------+-------+-----
Shapeshifting  | 4 |  4.4
Fighting       | |  1.0
Dodging        | |  2.0
Unarmed Combat | |  3.0

Action                     || total
---------------------------++-------
  Melee: Unarmed           ||    85
         Constrict         ||    28
         Tentacles         ||    13
         Punch             ||     2
    Use: Scroll            ||     6
   Stab: Sleeping          ||     7
 Armour: Skin              ||    30
  Dodge: Dodged            ||    42

Table legend: (Time is in decaauts)
 A = Elapsed time spent in this place.
 B = Non-inter-level travel time spent in this place.
 C = Inter-level travel time spent in this place.
 D = Time resting spent in this place.
 E = Time spent auto-exploring this place.
 F = Levels seen in this place.
 G = Mean time per level.
                   A        B        C        D        E       F      G
               +--------+--------+--------+--------+--------+-----+--------+
         Total |   1424 |   1361 |     63 |      0 |   1081 |   3 |  474.7 |
       Dungeon |   1424 |   1361 |     63 |      0 |   1081 |   3 |  474.7 |
               +--------+--------+--------+--------+--------+-----+--------+

Top non-repeatable levels by time:
     D:2: 697 daAuts
     D:1: 561 daAuts
     D:3: 165 daAuts
